 Dungeon Crawl Stone Soup version 0.30.0-10-gfe55d96785 (webtiles) character file.

Game seed: 3756403247734574007

61 Jarnaxa the Magician (level 3, 0/19 HPs)
             Began as a Deep Elf Hedge Wizard on May 14, 2023.
             Slain by Grinder (6 damage)
             ... on level 3 of the Dungeon.
             The game lasted 00:03:45 (2551 turns).

Jarnaxa the Magician (Deep Elf Hedge Wizard)        Turns: 2551, Time: 00:03:45

Health: 0/19       AC:  3    Str:  7    XL:     3   Next: 83%
Magic:  6/12       EV: 12    Int: 20    God:
Gold:   45         SH:  0    Dex: 14    Spells: 13/14 levels left

rFire   . . .        k - staff of earth
rCold   . . .        (no shield)
rNeg    . . .        b - +0 robe
rPois   .            c - +0 hat
rElec   .            (no cloak)
rCorr   .            g - +0 pair of gloves
SInv    .            (no boots)
Will    .....        (no amulet)
Stlth   ++           (no ring)
HPRegen 0.23/turn    (no ring)
MPRegen 0.13/turn

%: no passive effects
@: no status effects
A: no striking features
a: no special abilities


You were on level 3 of the Dungeon.
You visited 1 branch of the dungeon, and saw 3 of its levels.

You collected 45 gold pieces.

Inventory:

Armour
 b - a +0 robe (worn)
 c - a +0 hat (worn)
 g - a +0 pair of gloves (worn)
Magical Staves
 k - a staff of earth (weapon)
Scrolls
 e - a scroll of magic mapping {unknown}
 l - a scroll of enchant weapon {unknown}
 m - a scroll of immolation {unknown}
Potions
 d - a potion of magic
 f - a potion of resistance {unknown}
 h - 4 potions of flight {unknown}
 i - a potion of curing {unknown}
 j - 2 potions of degeneration {unknown}
 n - a potion of haste {unknown}


   Skills:
 + Level 2.4 Dodging
 + Level 2.6 Stealth
 + Level 6.3 Spellcasting
 + Level 1.8 Conjurations
 + Level 1.1 Summonings
 + Level 1.1 Translocations


You had 13 spell levels left.
You knew the following spells:

 Your Spells              Type           Power      Damage    Failure   Level
a - Magic Dart            Conj           52%        1d5       4%          1

Your spell library contained the following spells:

 Spells                   Type           Power      Damage    Failure   Level
 Blink                    Tloc           20%        N/A       10%         2
 Call Imp                 Summ           20%        N/A       10%         2
 Slow                     Hex            24%        N/A       11%         1
 Sting                    Tmut/Pois      24%        1d4       11%         1
 Cigotuvi's Dreadful Rot  Necr/Pois/Air  12%        N/A       16%         2
 Poisonous Vapours        Pois/Air       12%        N/A       16%         2
 Mephitic Cloud           Conj/Pois/Air  8%         N/A       24%         3
 Olgreb's Toxic Radiance  Pois           6%         N/A       71%         4


Dungeon Overview and Level Annotations

Branches:
Dungeon (3/15)

Altars:

Annotations:
D:3 Grinder


Message History

Nothing appears to happen.
The bat hits you but does no damage.
The magic dart hits the bat.
You kill the bat!
You can't see any susceptible monsters within range! (Use Z to cast anyway.)
You can't see any susceptible monsters within range! (Use Z to cast anyway.)
You can't see any susceptible monsters within range! (Use Z to cast anyway.)
Your magical contamination has completely faded away.
Grinder comes into view.
Grinder is nearby!
Grinder is nearby!
Grinder is nearby!
The magic dart hits Grinder.
Grinder is lightly wounded.
The magic dart hits Grinder.
Grinder is lightly wounded.
The magic dart hits Grinder but does no damage.
Grinder is lightly wounded.
The magic dart hits Grinder.
Grinder is lightly wounded.
The magic dart hits Grinder but does no damage.
Grinder is lightly wounded.
The magic dart hits Grinder.
Grinder is lightly wounded.
The magic dart hits Grinder.
Grinder is lightly wounded.
Grinder gestures at you. You resist with significant effort.
You hit Grinder but do no damage.
Grinder is lightly wounded.
Grinder barely misses you.
You hit Grinder but do no damage.
Grinder is lightly wounded.
Grinder hits you.
You writhe in agony.
You closely miss Grinder.
Grinder is lightly wounded.
Grinder hits you but does no damage.
You hit Grinder but do no damage.
Grinder is lightly wounded.
Grinder hits you.
You writhe in agony.
You die...

..# #.#
#.# #.#
#.# #.#
#5# #@#
#.#
########.#
.....†...#
.........#
.#######.#
#.# #.#
#.#


You could see Grinder.

Vanquished Creatures
  An adder (D:3)
  2 worms (D:2)
  2 dart slugs
  2 bats
  3 endoplasms (D:1)
  2 giant cockroaches
  4 hobgoblins
  2 jackals (D:1)
  4 kobolds
  9 ball pythons
  3 frilled lizards (D:1)
  A goblin (D:2)
  6 rats
41 creatures vanquished.

Notes
Turn   | Place    | Note
-------+----------+-------------------------------------------
     0 | D:1      | Jarnaxa the Deep Elf Hedge Wizard began the quest for the
                  | Orb.
     0 | D:1      | Reached XP level 1. HP: 10/10 MP: 7/7
   243 | D:1      | Reached skill level 5 in Spellcasting
   281 | D:1      | Reached XP level 2. HP: 15/15 MP: 1/10
  1108 | D:1      | Reached XP level 3. HP: 18/19 MP: 3/12
  1784 | D:2      | Reached skill level 6 in Spellcasting
  2540 | D:3      | Noticed Grinder
  2551 | D:3      | Slain by Grinder

Illustrated notes

Levels and vault maps discovered:
D:1:      mrwooster_arrival_statue_2, layout_basic,
          minmay_misc_feat_secret_circle
D:2:      layout_basic, grunt_ministairs_11, minmay_tree_intersection
D:3:      layout_loops_ring, tso_metal_star, mainiacjoe_overflow_big_doors,
          uniq_grinder, uniq_terence, uniq_jessica

Skill      XL: |  1  2  3 |
---------------+----------+-----
Spellcasting   | 5 6 |  6.3
Dodging        | |  2.4
Stealth        | |  2.6
Conjurations   | |  1.8
Summonings     | |  1.1
Translocations | |  1.1

Action                     || total
---------------------------++-------
  Melee: Dagger            ||    13
         Staff             ||     4
   Cast: Magic Dart        ||   114
 Armour: Robe              ||     5
  Dodge: Dodged            ||    10
